 Dungeon Crawl Stone Soup version 0.31.0-32-g396128a36d (webtiles) character file.

Game seed: 5435926215329063597

1640 TacoSundae the Grappler (level 8, 0/60 HPs)
             Began as a Barachi Shapeshifter on Apr 15, 2024.
             Was an Initiate of Cheibriados.
             Slain by a slime creature (10 damage)
             ... on level 7 of the Dungeon.
             The game lasted 00:13:48 (7210 turns).

TacoSundae the Grappler (Barachi Shapeshifter)      Turns: 7210, Time: 00:13:49

Health: 0/60       AC:  8    Str: 20    XL:     8   Next: 99%
Magic:  0/8        EV: 12    Int: 11    God:    Cheibriados [......]
Gold:   329        SH:  0    Dex: 15    Spells: 7/7 levels left

rFire   . .          .
                       - Unarmed
rCold   . . .        (no shield)
rNeg    . . .        i - +3 ring mail of Context {+Inv Dex+3}
rPois   +            (helmet currently unavailable)
rElec   .            (cloak currently unavailable)
rCorr   .            (gloves currently unavailable)
SInv    .            (boots currently unavailable)
Will    .....        k - amulet of guardian spirit
Stlth   +            o - ring of flight
HPRegen 0.30/turn    r - ring of poison resistance
MPRegen 0.11/turn

%: guardian spirit
@: mighty, beast-form, unable to hop, flying, very slow
A: beast (slay +4), amphibious, slowness 1, strong legs 1, +LOS
a: Hop, Begin Untransformation, Renounce Religion, Evoke Invisibility


You were on level 7 of the Dungeon.
You worshipped Cheibriados.
Cheibriados was noncommittal.
You were a hulking beast.
You visited 2 branches of the dungeon, and saw 8 of its levels.
You also visited: Sewer.

You collected 414 gold pieces.
You spent 85 gold pieces at shops.

Inventory:

Missiles
 m - 5 poisoned darts
Armour
 i - the +3 ring mail of Context (worn) {+Inv Dex+3}
   (You found it on level 6 of the Dungeon)

   Dex+3:     It affects your dexterity (+3).
   +Inv:      It lets you turn invisible.
 q - a +0 cloak
 u - a +0 pair of boots
Jewellery
 k - an amulet of guardian spirit (around neck)
 o - a ring of flight (left hand)
 r - a ring of poison resistance (right hand)
 w - an amulet of magic regeneration
Talismans
 c - a beast talisman
 d - a flux talisman
Wands
 t - a wand of mindburst (10)
 v - a wand of digging (8)
Scrolls
 a - a scroll of vulnerability
 b - a scroll of identify
 e - 10 scrolls of teleportation
 f - a scroll of fear
 g - a scroll of poison
 l - a scroll of fog
 p - a scroll of revelation
Potions
 j - a potion of lignification
 n - 5 potions of curing
 x - 2 potions of enlightenment
 B - a potion of mutation
 C - a potion of might
 D - a potion of attraction


   Skills:
 + Level 3.6 Fighting
 + Level 3.9 Dodging
 * Level 8.9 Unarmed Combat
 + Level 7.6 Shapeshifting


You had 7 spell levels left.
You didn't know any spells.
Your spell library contained the following spells:

 Spells                   Type           Power      Damage    Failure   Level
 Magic Dart               Conj           0%         1d3       52%         1
 Necrotise                Necr           0%         1d4       52%         1
 Blink                    Tloc           0%         N/A       67%         2
 Call Imp                 Summ           0%         N/A       67%         2
 Scorch                   Fire           0%         2d5       67%         2
 Vampiric Draining        Necr           0%         2d6       88%         3
 Dimensional Bullseye     Hex/Tloc       0%         N/A       99%         4
 Martyr's Knell           Necr/Summ      0%         N/A       99%         4
 Summon Blazeheart Golem  Fire/Summ      0%         N/A       99%         4
 Curse of Agony           Necr           0%         N/A       100%        5
 Summon Forest            Summ/Tloc      0%         N/A       100%        5
 Summon Mana Viper        Hex/Summ       0%         N/A       100%        5
 Summon Cactus Giant      Summ           0%         N/A       100%        6
 Haunt                    Necr/Summ      0%         N/A       100%        7
 Borgnjor's Revivificati  Necr           0%         N/A       100%        8
 Death's Door             Necr           0%         N/A       100%        9


Dungeon Overview and Level Annotations

Branches:
Dungeon (7/15)             Temple (1/1) D:7           Sewer (visited)

Altars:
Ashenzari
Cheibriados
Dithmenos
Elyvilon
Fedhas
Gozag
Hepliaklqana
Kikubaaqudgha
Makhleb
Nemelex Xobeh
Okawaru
Qazlal
Ru
Sif Muna
Trog
Uskayaw
Vehumet
Wu Jian
Xom
Yredelemnul
Zin
The Shining One

Shops:
D:1 *   D:2 !((


Innate Abilities, Weirdness & Mutations

You are a hulking beast.
Your limbs bulge with bestial killing power. (Slay +4)
You are amphibious.
You cover ground slowly.
You can hop short distances.
You have an extended range of vision and can be seen from far away.


Message History

You feel very mighty all of a sudden.
A large slime creature splits.
You punch the slime creature!
The slime creature is heavily wounded.
You punch the slime creature!
The slime creature is almost dead.
The slime creature hits you! x2
* * * LOW HITPOINT WARNING * * *
Unknown command.
Okay, then.
Unknown command.
Unknown command.
Hop to where?
Press: ? - help, Dir - move target Boing!
You feel better.
Okay, then.
Okay, then.
Aiming: Mindburst
Press: ? - help, Shift-Dir - straight line, f - you
Okay, then.
Unknown command.
Okay, then.
You punch the slime creature!
The slime creature is almost dead.
The slime creature hits you!
* * * LOW HITPOINT WARNING * * *
You punch the slime creature!
You kill the slime creature!
Cheibriados appreciates the change of pace.
The slime creature closely misses you.
You pummel the slime creature!!
The slime creature is heavily wounded.
The slime creature barely misses you.
You punch the slime creature!
The slime creature is severely wounded.
You completely miss the slime creature.
The slime creature is severely wounded.
The slime creature hits you!
You die...

#.....))..# #.#####.....
#....)###########.#####.....
#....>......................
#.....#........##.#####.....
#..............##.# #.....
#.....#........##.#####.....
#.....#........+............
#.....#........##.##########
#.)...#....h...##.#
#.....#....J...##.#
#.....#........##.##########
###+#.#.....................
#.#.....................
..#.....................
###.......!.............
........##.............
#........##.............


You could see a slime creature.

Vanquished Creatures
  A slime creature (D:7)
  2 water moccasins
  An orc warrior (D:4)
  An ice beast (D:6)
  A sky beast (D:6)
  A centaur (D:7)
  An ogre (D:4)
  A bullfrog (D:6)
  A scorpion (D:6)
  3 bombardier beetles
  2 orc priests (D:7)
  2 jellies
  6 sleepcaps
  2 iguanas
  3 orc wizards
  9 adders
  2 river rats
  A white imp (D:6)
  2 dart slugs (Sewer)
  11 orcs
  6 ball pythons
  14 bats
  7 endoplasms
  3 giant cockroaches
  5 goblins
  5 hobgoblins
  6 jackals
  6 kobolds
  3 quokkas
  6 frilled lizards
  8 rats
122 creatures vanquished.

Notes
Turn   | Place    | Note
-------+----------+-------------------------------------------
     0 | D:1      | TacoSundae the Barachi Shapeshifter began the quest for the
                  | Orb.
     0 | D:1      | Reached XP level 1. HP: 15/15 MP: 1/1
   164 | D:1      | Reached XP level 2. HP: 15/21 MP: 2/2
   371 | D:1      | Found Zirghy Rezis's Assorted Antiques.
   378 | D:1      | Bought a scroll labelled YCZEIT UZION for 20 gold pieces
  1082 | D:2      | Reached skill level 4 in Unarmed Combat
  1082 | D:2      | Reached XP level 3. HP: 9/26 MP: 3/3
  1250 | D:2      | HP: 1/26 [adder (3)]
  1439 | D:2      | Found Hatteeqo's Distillery.
  1465 | D:2      | Reached XP level 4. HP: 28/32 MP: 4/4
  1571 | D:2      | Bought a potion of heal wounds for 65 gold pieces
  1585 | D:2      | Found Segoiral's Weapon Shoppe.
  1629 | D:2      | Found Ecwent's Antique Weapon Shop.
  2188 | D:3      | Reached skill level 5 in Unarmed Combat
  2188 | D:3      | Reached XP level 5. HP: 6/37 MP: 5/5
  2969 | D:4      | Reached skill level 5 in Shapeshifting
  2989 | D:4      | Found a glowing drain.
  3074 | Sewer    | Entered a sewer
  3316 | Sewer    | Reached XP level 6. HP: 43/43 MP: 6/6
  3824 | D:4      | Reached skill level 6 in Unarmed Combat
  3856 | D:4      | Noticed an orc warrior
  3870 | D:4      | Killed an orc warrior
  3871 | D:4      | Reached XP level 7. HP: 48/48 MP: 7/7
  4349 | D:5      | Entered Level 5 of the Dungeon
  4555 | D:5      | Found an opulent altar of Gozag.
  4557 | D:5      | Found an opulent altar of Gozag.
  4558 | D:5      | Found an opulent altar of Gozag.
  4563 | D:5      | Found an opulent altar of Gozag.
  5397 | D:6      | Reached skill level 7 in Unarmed Combat
  5711 | D:6      | Identified the +3 ring mail of Context {+Inv Dex+3}
  5782 | D:6      | Reached XP level 8. HP: 38/54 MP: 8/8
  6297 | D:6      | Reached skill level 8 in Unarmed Combat
  6725 | D:7      | Got the Annotations on Location and Wildfire
  6832 | D:7      | Found a staircase to the Ecumenical Temple.
  6850 | Temple   | Entered the Ecumenical Temple
  6878 | Temple   | Became a worshipper of Cheibriados the Contemplative
  7185 | D:7      | Noticed a slime creature
  7185 | D:7      | Noticed a slime creature
  7207 | D:7      | Killed a slime creature
  7210 | D:7      | Slain by a slime creature

Illustrated notes

Levels and vault maps discovered:
D:1:      scummos_arrival_simple_crosswalls, layout_loops_corners, serial_shops,
          shop, chequers_serial_rivers_large_b, minivault_24, minmay_cupped
D:2:      layout_rooms, serial_shops, nicolae_shop_just_a_little_nook,
          nicolae_shop_just_a_little_nook, shop_fountains
D:3:      wad_lake_hut, layout_basic
D:4:      layout_basic, portal_sewer_entry_b
D:5:      layout_basic, nicolae_gozag_conspicuous_consumption
D:6:      layout_loops_corners, chequers_serial_rivers_room_a, dk_noncrumbling_2
D:7:      layout_basic, minmay_temple_entry_butterflies
Temple:   minmay_crystal_snake_temple

Skill      XL: |  1  2  3  4  5  6  7  8 |
---------------+-------------------------+-----
Unarmed Combat | 4 5 6 7 8 |  8.9
Shapeshifting  | 4 5 6 7 |  7.6
Fighting       | 3 |  3.6
Dodging        | 3 |  3.9

Action                     |  1- 3 |  4- 6 |  7- 9 || total
---------------------------+-------+-------+-------++-------
  Melee: Unarmed           |    87 |   178 |   140 ||   405
         Punch             |       |     3 |     4 ||     7
  Throw: Dart              |       |     3 |       ||     3
Ability: Hop               |       |       |     1 ||     1
  Evoke: Wand              |       |     2 |       ||     2
    Use: Potion            |       |     1 |     3 ||     4
         Scroll            |       |       |    16 ||    16
   Stab: Sleeping          |     2 |       |       ||     2
 Armour: Animal skin       |    15 |       |       ||    15
         Ring mail         |    27 |   100 |    71 ||   198
         Skin              |       |     5 |     4 ||     9
  Dodge: Dodged            |    51 |    95 |    35 ||   181
